 Dungeon Crawl Stone Soup version 0.25-a0-589-g1e14c54 (webtiles) character file.

Game seed: 17920578367395712621, levelgen mode: deterministic

2660 BlueFish the Carver (level 9, -7/80 HPs)
             Began as a Minotaur Fighter on Mar 12, 2020.
             Was a Believer of Yredelemnul.
             Mangled by a seven-headed hydra (10 damage)
             ... on level 7 of the Dungeon.
             The game lasted 00:16:28 (7457 turns).

BlueFish the Carver (Minotaur Fighter)              Turns: 7457, Time: 00:16:29

Health: -7/80      AC: 13    Str: 21    XL:     9   Next: 36%
Magic:  9/9        EV: 23    Int:  7    God:    Yredelemnul [**....]
Gold:   396        SH:  0    Dex: 13    Spells: 8/8 levels left

rFire    . . .     SeeInvis .   i - +1 short sword (protect)
rCold    . . .     Gourm    .   (no shield)
rNeg     . . .     Faith    .   y - +0 plate armour
rPois    .         Spirit   .   (helmet restricted)
rElec    .         Reflect  .   (no cloak)
rCorr    .         Harm     .   (no gloves)
MR       .....                  (no boots)
Stlth    ..........             n - amulet of the acrobat
HPRegen  0.23/turn              m - ring of stealth
MPRegen  0.11/turn              z - +2 ring of intelligence

@: acrobat
A: retaliatory headbutt, horns 2
a: Animate Remains, Recall Undead Slaves, Injury Mirror, Renounce Religion


You were on level 7 of the Dungeon.
You worshipped Yredelemnul.
Yredelemnul was pleased with you.
You were hungry.

You visited 2 branches of the dungeon, and saw 9 of its levels.
You also visited: Sewer and Ossuary.

You collected 407 gold pieces.
You spent 11 gold pieces at shops.

Inventory:

Hand Weapons
 a - a +1 long sword of freezing
 i - a +1 short sword of protection (weapon)
Armour
 c - a +1 kite shield
 y - a +0 plate armour (worn)
Jewellery
 m - a ring of stealth (left hand)
 n - an amulet of the acrobat (around neck)
 t - an uncursed amulet of magic regeneration
 z - a +2 ring of intelligence (right hand)
Wands
 q - a wand of acid (9)
 s - a wand of disintegration (17)
 v - a wand of polymorph (8)
 x - a wand of flame (27)
Scrolls
 g - 2 scrolls of teleportation
 o - 5 scrolls of remove curse
 p - 2 scrolls of enchant weapon
 u - a scroll of magic mapping
 w - a scroll of identify
Potions
 b - 3 potions of haste
 d - 3 potions of might
 e - 9 potions of curing
 h - a potion of mutation {unknown}
 j - 4 potions of brilliance
 k - 2 potions of stabbing {unknown}
 l - a potion of invisibility {unknown}
 r - 4 potions of flight
 A - 2 potions of magic
Comestibles
 f - 12 rations


   Skills:
 * Level 7.7 Fighting
 * Level 10.6 Long Blades
 * Level 8.2 Armour
 + Level 2.8 Dodging
 + Level 3.8 Shields
 * Level 2.6 Invocations


You had 8 spell levels left.
You didn't know any spells.
Your spell library contained the following spells:

 Spells                   Type           Power        Failure   Level  Hunger
 Beastly Appendage        Tmut           #.....       100%        1    ##.....
 Shock                    Conj/Air       #...         100%        1    ##.....
 Sticks to Snakes         Tmut           #.......     100%        2    ###....
 Swiftness                Chrm/Air       #.......     100%        2    ###....
 Spider Form              Tmut/Pois      #.........   100%        3    ####...
 Static Discharge         Conj/Air       #.......     100%        3    ####...
 Airstrike                Air            #.........   100%        4    #####..
 Ice Form                 Ice/Tmut       #.......     100%        4    #####..
 Blade Hands              Tmut           #.........   100%        5    ######.
 Lightning Bolt           Conj/Air       #.........   100%        5    ######.


Dungeon Overview and Level Annotations

Branches:
Dungeon (8/15)             Temple (1/1) D:5           Sewer (visited)
Ossuary (visited)
   Lair: D:8-11

Altars:
Cheibriados
Dithmenos
Elyvilon
Fedhas
Gozag
Kikubaaqudgha
Makhleb
Nemelex Xobeh
Okawaru
Qazlal
Ru
Sif Muna
Trog
Uskayaw
Vehumet
Wu Jian
Xom
Yredelemnul
Zin
The Shining One

Shops:
D:4 %=*   D:6 !

Annotations:
D:4 exclusion: oklob plant
D:8 Maurice


Innate Abilities, Weirdness & Mutations

You reflexively headbutt those who attack you in melee.
You have a pair of horns on your head.


Message History

* * * LOW HITPOINT WARNING * * *
The seven-headed hydra closely misses you.
The seven-headed hydra barely misses you.
The seven-headed hydra bites you but does no damage. x3
The seven-headed hydra completely misses you.
The seven-headed hydra misses you. The seven-headed hydra bites you!
* * * LOW HITPOINT WARNING * * *
The seven-headed hydra bites you but does no damage.
The seven-headed hydra misses you. The seven-headed hydra bites you!
* * * LOW HITPOINT WARNING * * *
The seven-headed hydra bites you.
* * * LOW HITPOINT WARNING * * *
There is a stone staircase leading up here.
Okay, then.
The seven-headed hydra misses you. The seven-headed hydra bites you.
* * * LOW HITPOINT WARNING * * *
The seven-headed hydra barely misses you. x2
The seven-headed hydra bites you!
You die...
Your body rises from the dead as a mindless zombie.

...............####............#
................###............#
.................##...........##
.......#......#...##..........##
.....####....##..##............#
..#...##.....###..#......###.###
..#.......##.##.............#####
....##....#..#...D..........Z.#.#
....##..........@.####........)..
#.(##.....#.........#............
#..##...###....................##
...##...###.###................##
........##...##.................#
......#.#..#.#...##.............#
.##......................#...####
.........#.#....##.......#.......
....###...###......>........##...


You could see a seven-headed hydra.

Vanquished Creatures
  Grinder (D:3)
  An ice beast (D:6)
  2 orc warriors
  2 sky beasts (D:5)
  3 centaurs
  An ogre (D:5)
  A big kobold (Sewer)
  5 bullfrogs
  A wyvern zombie (D:7)
  2 water moccasin zombies (Ossuary)
  A scorpion (D:5)
  2 crimson imps (D:5)
  A bullfrog zombie (D:5)
  3 orc priests
  A hound (D:6)
  4 orc wizards
  An iguana (D:4)
  3 worker ants
  Natasha (twice) (D:3 D:2)
  Terence (D:3)
  4 big kobold zombies (Ossuary)
  3 hound skeletons
  4 mummies
  3 gnolls
  13 adders
  4 oozes
  6 adder zombies (Ossuary)
  A worm (D:2)
  5 leopard geckos
  30 orcs
  10 bats
  9 giant cockroaches
  4 gnoll zombies (Ossuary)
  9 goblins
  6 hobgoblins
  8 jackals
  15 kobolds
  6 quokkas
  A ball python (D:2)
  11 frilled lizards
  10 hobgoblin zombies (Ossuary)
  9 kobold zombies (Ossuary)
  3 orc zombies
  A quokka skeleton (D:4)
  12 rats
225 creatures vanquished.

Vanquished Creatures (collateral kills)
  A worker ant (D:6)
1 creature vanquished.

Vanquished Creatures (others)
  A centaur skeleton (D:6)
1 creature vanquished.

Grand Total: 227 creatures vanquished

Notes
Turn   | Place    | Note
-------+----------+-------------------------------------------
     0 | D:1      | BlueFish the Minotaur Fighter began the quest for the Orb.
     0 | D:1      | Reached XP level 1. HP: 19/19 MP: 0/0
   383 | D:1      | Reached XP level 2. HP: 27/27 MP: 1/1
   687 | D:1      | Reached XP level 3. HP: 34/34 MP: 2/2
   990 | D:2      | Reached skill level 3 in Long Blades
  1049 | D:2      | Reached XP level 4. HP: 41/41 MP: 3/3
  1641 | D:3      | Noticed Natasha
  1643 | D:3      | Killed Natasha
  1643 | D:3      | Reached skill level 4 in Long Blades
  1643 | D:3      | Reached XP level 5. HP: 42/47 MP: 4/4
  1659 | D:3      | Noticed Natasha
  1680 | D:3      | Found a bloodstained altar of Trog.
  1709 | D:2      | Killed Natasha
  1709 | D:2      | Reached skill level 5 in Fighting
  1839 | D:2      | Reached skill level 1 in Dodging
  1974 | D:3      | Reached skill level 5 in Armour
  1981 | D:2      | Reached skill level 5 in Long Blades
  2191 | D:3      | Reached XP level 6. HP: 44/56 MP: 5/5
  2363 | D:3      | Noticed Grinder
  2369 | D:3      | Paralysed by Grinder for 3 turns
  2375 | D:3      | Paralysed by Grinder for 3 turns
  2380 | D:3      | Paralysed by Grinder for 7 turns
  2389 | D:3      | Paralysed by Grinder for 2 turns
  2392 | D:3      | Killed Grinder
  2392 | D:3      | Reached skill level 6 in Long Blades
  2392 | D:3      | Reached XP level 7. HP: 11/61 MP: 6/6
  2613 | D:3      | Noticed Terence
  2635 | D:3      | Killed Terence
  2939 | D:4      | Found Moqajuk's General Store.
  2965 | D:4      | Found Coefyergh's Jewellery Shoppe.
  2990 | D:4      | Found Kuxanax's Food Emporium.
  3230 | D:4      | Found a shimmering blue altar of Sif Muna.
  3277 | D:4      | Reached skill level 7 in Long Blades
  3396 | D:4      | Found a blossoming altar of Fedhas.
  3409 | D:4      | Noticed an oklob plant
  3572 | D:5      | Entered Level 5 of the Dungeon
  3572 | D:5      | Found a staircase to the Ecumenical Temple.
  3673 | Temple   | Entered the Ecumenical Temple
  3874 | Temple   | Became a worshipper of Yredelemnul the Dark
  3996 | D:5      | Reached skill level 8 in Long Blades
  4005 | D:5      | Reached XP level 8. HP: 22/70 MP: 7/7
  4224 | D:5      | Reached skill level 1 in Invocations
  4974 | D:6      | Reached skill level 9 in Long Blades
  4978 | D:6      | Found an iron altar of Okawaru.
  5000 | D:6      | Found a snail-covered altar of Cheibriados.
  5121 | D:6      | Found a glowing drain.
  5135 | Sewer    | Entered a sewer
  5142 | Sewer    | Reached * piety under Yredelemnul
  5230 | Sewer    | Found a white marble altar of Elyvilon.
  5519 | D:6      | Found Giuwkizomipp's Distillery.
  5527 | D:6      | Bought a potion of degeneration for 11 gold pieces
  5778 | D:6      | Reached XP level 9. HP: 78/78 MP: 9/9
  5985 | D:7      | Reached skill level 10 in Long Blades
  6602 | D:8      | Noticed Maurice
  6673 | D:8      | Found a sand-covered staircase.
  6681 | Ossuary  | Entered an ossuary
  6712 | Ossuary  | Reached ** piety under Yredelemnul
  6929 | D:8      | Noticed a seven-headed hydra
  6940 | D:8      | Noticed a two-headed ogre
  7441 | D:7      | HP: 2/80 [seven-headed hydra (8)]
  7457 | D:7      | HP: 3/80 [seven-headed hydra (1)]
  7457 | D:7      | Mangled by a seven-headed hydra

Levels and vault maps discovered:
D:1:      minmay_arrival_wavy_path, layout_basic, minmay_bisected
D:2:      minmay_diamond_boxcup, layout_loops_ring, minmay_cupped
D:3:      layout_rooms, bloody_trog, corner_web_ring, uniq_terence,
          uniq_grinder, uniq_natasha
D:4:      layout_rooms, kennysheep_mini_moat, tgw_fedhas, first_ration,
          serial_shops, shop, shop, shop_statue, minmay_joined_circles
D:5:      wad_pebble_path, layout_basic, temple_pool_b, serial_rivers,
          chequers_serial_rivers_micro_b, chequers_serial_rivers_micro_e,
          chequers_serial_rivers_micro_e, chequers_serial_rivers_room_a,
          chequers_serial_rivers_micro_b, roderic_roman_lattice
D:6:      layout_gridville, slow_altar_1, marbit_many_paths, serial_shops, shop,
          portal_sewer_entry_f
D:7:      layout_cave_pools
D:8:      layout_rooms, chequers_temple_overflow_statue_of_worship,
          nicolae_ossuary_entry_giza, uniq_maggie, uniq_maurice
Temple:   regret_index_temple_generic_petals

Skill      XL: |  1  2  3  4  5  6  7  8  9 |
---------------+----------------------------+-----
Fighting       | 4 5 6 7 |  7.7
Armour         | 4 5 6 7 8 |  8.2
Long Blades    | 3 4 5 6 8 9 10 | 10.6
Dodging        | 1 2 |  2.8
Invocations    | 2 |  2.6
Shields        | |  3.8

Action                   |  1- 3 |  4- 6 |  7- 9 || total
-------------------------+-------+-------+-------++-------
Melee: Long sword        |    46 |   114 |   347 ||   507
       Headbutt          |    10 |    23 |    88 ||   121
       Short sword       |       |       |     1 ||     1
Invok: Animate Remains   |       |       |     6 ||     6
  Use: Scroll            |     5 |     4 |     8 ||    17
       Potion            |       |       |     2 ||     2
  Eat: Chunk             |       |     5 |    18 ||    23
Armor: Scale mail        |     7 |       |       ||     7
       Ring mail         |    19 |    62 |    59 ||   140
       Chain mail        |       |       |     2 ||     2
       Plate armour      |       |       |   108 ||   108
Dodge: Dodged            |    32 |    91 |   246 ||   369
       Rpst.: Long sword |    10 |    29 |    59 ||    98

Table legend:
 A = Non-vault XP
 B = Vault XP
 C = Vault XP percentage of total XP
 D = Non-vault monster count
 E = Vault monster count
 F = Vault count percentage of total count
                 A         B        C        D         E       F
            +---------+---------+-------+---------+---------+-------
      Total |    2688 |    1113 |  29.3 |     139 |      87 |  38.5
            +---------+---------+-------+---------+---------+-------
        D:1 |      38 |       5 |  11.6 |      19 |       3 |  13.6
        D:2 |     181 |      37 |  17.0 |      33 |       9 |  21.4
        D:3 |     184 |     362 |  66.3 |      34 |       3 |   8.1
        D:4 |     154 |      64 |  29.4 |       6 |      12 |  66.7
        D:5 |     766 |       0 |   0.0 |      13 |       0 |   0.0
        D:6 |     821 |     142 |  14.7 |      19 |       8 |  29.6
        D:7 |     422 |       0 |   0.0 |      10 |       0 |   0.0
        D:8 |     122 |      19 |  13.5 |       5 |       2 |  28.6
      Sewer |       0 |     119 | 100.0 |       0 |      11 | 100.0
    Ossuary |       0 |     365 | 100.0 |       0 |      39 | 100.0
            +---------+---------+-------+---------+---------+-------
